 Dungeon Crawl Stone Soup version 0.21-a0-52-gbf49515 (webtiles) character file.

710 xgamer67 the Chucker (level 7, 0/75 HPs)
             Began as an Ogre Hunter on June 14, 2017.
             Was a Follower of Makhleb.
             Slain by an orc wizard
             ... wielding a +2 dagger of draining
              (2 damage)
             ... on level 4 of the Dungeon.
             The game lasted 00:10:53 (6354 turns).

xgamer67 the Chucker (Ogre Hunter)                  Turns: 6354, Time: 00:10:54

Health: 0/75       AC:  4    Str: 17    XL:     7   Next: 68%
Magic:  7/7        EV:  9    Int: 18    God:    Makhleb [*.....]
Gold:   177        SH:  0    Dex:  9    Spells: 6/6 levels left

rFire    . . .     SeeInvis .   a - +0 giant club
rCold    + . .     Gourm    .   (shield currently unavailable)
rNeg     . . .     Faith    .   b - +1 robe
rPois    .         Spirit   .   (helmet restricted)
rElec    .         Reflect  .   (no cloak)
rCorr    .         Harm     .   (gloves unavailable)
MR       .....                  (boots unavailable)
Stlth    +.........             z - amulet of inaccuracy (curse)
Regen    0.3/turn               r - ring of protection from cold
MPRegen  0.1/turn               j - +4 ring of intelligence

@: extremely drained
A: unfitting armour, tough skin 1
a: Renounce Religion


You were on level 4 of the Dungeon.
You worshipped Makhleb.
Makhleb was aware of your devotion.
You were near starving.

You visited 1 branch of the dungeon, and saw 4 of its levels.

You collected 177 gold pieces.

Inventory:

Hand Weapons
 a - a +0 giant club (weapon)
Missiles
 c - 8 large rocks (quivered)
 d - 2 throwing nets
 e - 7 curare-tipped needles
 k - 26 poisoned needles
 s - 4 javelins
Armour
 b - a +1 robe (worn)
Jewellery
 j - a +4 ring of intelligence (right hand)
 r - a ring of protection from cold (left hand)
 x - an uncursed amulet of harm
 z - a cursed amulet of inaccuracy (around neck)
Wands
 m - a wand of polymorph (12/24)
Scrolls
 u - a scroll of fog
Potions
 g - 3 potions of cancellation
 h - 3 potions of lignification {unknown}
 i - a potion of flight
 o - a potion of heal wounds {unknown}
 p - a potion of invisibility {unknown}
 q - a potion of curing
 v - a potion of brilliance {unknown}
Comestibles
 f - 3 bread rations
 n - a meat ration
 t - 3 fruits


   Skills:
 - Level 6.1(0.0) Fighting
 + Level 4.0(0.0) Maces & Flails
 + Level 6.5(0.0) Throwing
 - Level 1.7(0.0) Dodging
 - Level 0.6(0.0) Stealth


You had 6 spell levels left.
You didn't know any spells.

Dungeon Overview and Level Annotations

Branches:
Dungeon (4/15)
 Temple: D:4-7

Altars:
Cheibriados
Makhleb
Nemelex Xobeh
Wu Jian
Zin
The Shining One

Shops:
D:4 *


Innate Abilities, Weirdness & Mutations

You are too large for most types of armour.
You have tough skin. (AC +1)


Message History

You miss something.
You hear some strange, mumbled words.
Something tries to affect you, but you resist.
You completely miss something. Something hits you but does no damage.
You feel drained. Something hits you but does no damage.
You feel drained.
You miss something.
You hear some strange, mumbled words.
Something tries to affect you, but you resist.
You miss something. Something hits you.
* * * LOW HITPOINT WARNING * * *
You feel drained. Something hits you but does no damage.
You feel drained.
You miss something.
You hear some strange, mumbled words.
A magic dart appears from out of thin air!
The magic dart hits you!
* * * LOW HITPOINT WARNING * * *
Something hits you but does no damage.
You feel drained.
You miss something. Something hits you but does no damage.
You feel drained.
You closely miss something. Something hits you.
You die...

#.#..# #.#..#
#.#..# #.#..#
########.#..#
#........#..#
###.########..####
....# #.....#
.#### #..##@# #.#
#####{# ##.#######
#o# ##))....# #o#
##.#####.'..oo.'.#
#.########.≈.≈.###
..=...<..#.....
##############


You could see 2 orcs.

Vanquished Creatures
  The ghost of xgamer67 the Cudgeler, an amateur OgWz (D:4)
  An ogre (D:4)
  A hound (D:4)
  An orc priest (D:3)
  2 orc wizards (D:4)
  Natasha (thrice) (D:2)
  2 worker ants (D:4)
  6 adders
  2 oozes
  An adder skeleton (D:4)
  4 worms (D:2)
  2 dart slugs
  3 leopard geckos
  5 orcs
  5 bats
  6 giant cockroaches
  5 hobgoblins
  4 quokkas
  A ball python (D:1)
  7 frilled lizards
  6 goblins
  6 kobolds
  A leopard gecko skeleton (D:4)
  11 rats
86 creatures vanquished.

Notes
Turn   | Place    | Note
-------+----------+-------------------------------------------
     0 | D:1      | xgamer67 the Ogre Hunter began the quest for the Orb.
     0 | D:1      | Reached XP level 1. HP: 22/22 MP: 1/1
   314 | D:1      | Reached XP level 2. HP: 5/32 MP: 2/2
  1391 | D:1      | Reached XP level 3. HP: 28/40 MP: 3/3
  2020 | D:2      | Found a sparkling altar of Nemelex Xobeh.
  2039 | D:2      | Reached skill level 5 in Fighting
  2338 | D:2      | Reached XP level 4. HP: 49/50 MP: 4/4
  2565 | D:2      | Noticed Natasha
  2569 | D:2      | Killed Natasha
  2745 | D:2      | Found a burning altar of Makhleb.
  2750 | D:2      | Noticed an Executioner
  2751 | D:2      | Found a glowing silver altar of Zin.
  2752 | D:2      | Noticed an angel
  2757 | D:2      | Became a worshipper of Makhleb the Destroyer
  3216 | D:2      | Noticed Natasha
  3217 | D:2      | Killed Natasha
  3217 | D:2      | Reached XP level 5. HP: 59/59 MP: 5/5
  3502 | D:2      | Noticed Natasha
  3508 | D:2      | Killed Natasha
  3620 | D:3      | Reached skill level 1 in Maces & Flails
  3620 | D:3      | Reached skill level 5 in Throwing
  4016 | D:3      | Found a glowing golden altar of the Shining One.
  4193 | D:4      | Reached * piety under Makhleb
  4193 | D:4      | Reached XP level 6. HP: 67/67 MP: 6/6
  4218 | D:4      | HP: 3/67 [quokka (5)]
  4544 | D:4      | Noticed xgamer67's ghost (amateur OgWz)
  4570 | D:4      | Killed xgamer67's ghost
  4570 | D:4      | Reached XP level 7. HP: 30/75 MP: 7/7
  4864 | D:4      | Found an ornate altar of the Wu Jian Council.
  6153 | D:4      | Found a snail-covered altar of Cheibriados.
  6298 | D:4      | Found Pybauj's Assorted Antiques.
  6352 | D:4      | HP: 1/75 [something/magic dart (5)]
  6354 | D:4      | Slain by an orc wizard

Vault maps used:
D:1:      dpeg_arrival_arbitrary_b
D:2:      grunt_temple_overflow_order_and_chaos_2, old_standard_altar,
          uniq_natasha
D:3:      tso_altar, first_bread
D:4:      overflow_temple_1_default, nicolae_overflow_crystal_walls,
          serial_shops, kennysheep_little_box, hangedman_minor_gate_pass

Skill      XL: |  1  2  3  4  5  6  7 |
---------------+----------------------+-----
Fighting       | 3 4 5 6 |  6.1
Maces & Flails | 1 3 4 |  4.0
Throwing       | 5 6 |  6.5
Dodging        | |  1.7
Stealth        | |  0.6

Action                   |  1- 3 |  4- 6 |  7- 9 || total
-------------------------+-------+-------+-------++-------
Melee: Short sword       |   169 |    80 |       ||   249
       Mace              |       |   110 |    16 ||   126
       Club              |       |     2 |       ||     2
       Giant club        |       |       |    96 ||    96
Throw: Javelin           |     2 |    19 |     1 ||    22
       Large rock        |       |    14 |     8 ||    22
  Use: Scroll            |     6 |     2 |     3 ||    11
       Potion            |       |       |     2 ||     2
 Stab: Sleeping          |     2 |       |     1 ||     3
  Eat: Chunk             |     5 |     6 |     5 ||    16
Armor: Robe              |    42 |    65 |    29 ||   136
Dodge: Dodged            |    97 |   130 |    64 ||   291
